 Dungeon Crawl Stone Soup version 0.22.0-49-gab54619 (webtiles) character file.

375418 krixvar the Slayer (level 21, 0/209 HPs)
             Began as a Minotaur Fighter on Sept 3, 2018.
             Was an Elder of Trog.
             Slain by a shadow dragon (3 damage)
             ... on level 5 of the Vaults.
             The game lasted 02:17:00 (41079 turns).

krixvar the Slayer (Minotaur Fighter)              Turns: 41079, Time: 02:17:01

Health: 0/209      AC: 32    Str: 29    XL:     21   Next: 78%
Magic:  27/27      EV: 18    Int:  5    God:    Trog [****..]
Gold:   2780       SH: 31    Dex: 22    Spells: 20/20 levels left

rFire    + . .     SeeInvis .   y - +7 morningstar "Baluzog" {drain, Fragile rPois Str+2 Dex+8}
rCold    + . .     Gourm    .   Q - +2 large shield
rNeg     + + +     Faith    .   F - +4 chain mail of the Dropbear {rElec Slay+3}
rPois    +         Spirit   .   V - +0 hat "Uhuytul" {+Blink rN+++ Regen+ rCorr Dex-2}
rElec    +         Reflect  +   K - scarf {rC+ rF+}
rCorr    +         Harm     .   B - +3 pair of gauntlets of War {Slay+5}
MR       ++++.     Rnd*Rage +   T - +2 pair of boots {run}
Stlth    ..........             w - +4 amulet of reflection
HPRegen  1.84/turn              c - ring of protection from magic
MPRegen  0.20/turn              D - +5 ring of protection

@: lethally poisoned (0 -> 0), about to teleport, berserk cooldown,
regenerating, quick
A: retaliatory headbutt, horns 2, agile 1, berserk 1
}: 2/15 runes: decaying, serpentine
a: Berserk, Trog's Hand, Brothers in Arms, Renounce Religion, Evoke Blink


You were on level 5 of the Vaults.
You worshipped Trog.
Trog was greatly pleased with you.
You were not hungry.

You visited 8 branches of the dungeon, and saw 38 of its levels.
You visited the Abyss 1 time.
You also visited: Labyrinth and Ice Cave.

You collected 4198 gold pieces.
You spent 1418 gold pieces at shops.

Inventory:

Hand Weapons
 u - the +13 demon whip "Jiuniad" {flame, Int+4}
   (Trog gifted it to you on level 4 of the Vaults)

   It has been specially enchanted to burn those struck by it, causing extra
   injury to most foes and up to half again as much damage against particularly
   susceptible opponents.
   It affects your intelligence (+4).
 y - the +7 morningstar "Baluzog" (weapon) {drain, Fragile rPois Str+2 Dex+8}
   (You found it on level 12 of the Dungeon)

   A truly terrible weapon, it drains the life of those it strikes.
   It affects your strength (+2).
   It affects your dexterity (+8).
   It protects you from poison.
   It will be destroyed if unequipped.
Missiles
 h - 7 javelins of returning (quivered)
 r - 12 tomahawks
 t - 13 silver javelins
 I - 7 tomahawks of dispersal
 S - 4 tomahawks of returning
Armour
 B - the +3 pair of gauntlets of War (worn) {Slay+5}
   (You found it on level 8 of the Dungeon)

   It affects your accuracy and damage with ranged weapons and melee attacks
   (+5).
 F - the +4 chain mail of the Dropbear (worn) {rElec Slay+3}
   (You bought it in a shop on level 11 of the Dungeon)

   It affects your accuracy and damage with ranged weapons and melee attacks
   (+3).
   It insulates you from electricity.
 K - a scarf of resistance (worn)
 Q - a +2 large shield (worn)
 T - a +2 pair of boots of running (worn)
 V - the +0 hat "Uhuytul" (worn) {+Blink rN+++ Regen+ rCorr Dex-2}
   (You acquired it on level 3 of the Lair of Beasts)

   It affects your dexterity (-2).
   It renders you almost immune to negative energy.
   It lets you blink.
   It increases your rate of regeneration.
   It provides partial protection from all sources of acid and corrosion.
Jewellery
 c - a ring of protection from magic (left hand)
 k - a +2 ring of dexterity
 m - an uncursed ring of protection from magic
 o - an uncursed ring of flight
 w - a +4 amulet of reflection (around neck)
 D - a +5 ring of protection (right hand)
Wands
 a - a wand of iceblast (12)
 p - a wand of paralysis (48)
 q - a wand of random effects (30)
 s - a wand of disintegration (24)
 x - a wand of digging (17)
 z - a wand of enslavement (11)
 A - a wand of flame (142)
 H - a wand of polymorph (67)
Scrolls
 b - 3 scrolls of teleportation
 i - 16 scrolls of remove curse
 j - 6 scrolls of identify
 L - a scroll of magic mapping
 M - 8 scrolls of fog
 W - 4 scrolls of blinking
 Y - 2 scrolls of fear
Potions
 d - 2 potions of cancellation
 e - 5 potions of lignification
 g - 5 potions of flight
 l - a potion of ambrosia
 v - 4 potions of agility
 C - 9 potions of curing
 O - 2 potions of haste
Miscellaneous
 E - a phial of floods
 G - a lightning rod (4/4)
 J - 2 boxes of beasts
 N - a fan of gales
 Z - a sack of spiders
Comestibles
 f - 55 rations


   Skills:
 + Level 22.5 Fighting
 - Level 16.0 Maces & Flails
 + Level 14.2 Throwing
 + Level 18.8 Armour
 + Level 11.9 Dodging
 + Level 21.0 Shields
 - Level 10.0 Evocations


You had 20 spell levels left.
You didn't know any spells.
Your spell library was empty.

Dungeon Overview and Level Annotations

Branches:
Dungeon (15/15)            Temple (1/1) D:7            Lair (6/6) D:11
  Swamp (4/4) Lair:3        Snake (4/4) Lair:4        Slime (0/5) Lair:6
    Orc (2/2) D:12            Elf (0/3) Orc:2        Vaults (5/5) D:14
  Crypt (0/3) Vaults:2     Depths (1/5) D:15

Altars:
Ashenzari
Cheibriados
Dithmenos
Elyvilon
Fedhas
Gozag
Kikubaaqudgha
Makhleb
Nemelex Xobeh
Okawaru
Qazlal
Ru
Sif Muna
Trog
Uskayaw
Vehumet
Wu Jian
Xom
Yredelemnul
Zin
The Shining One
Jiyva

Shops:
D:7 =   D:10 *   D:11 [   D:13 ?   Orc:2 %%:*   Snake:1 *


Innate Abilities, Weirdness & Mutations

You reflexively headbutt those who attack you in melee.
You have a pair of horns on your head.
You are agile. (Dex +2)
You tend to lose your temper in combat.


Message History

The shadow dragon completely misses you.
You hear a shout!
You hear a deafening roar! x2
You hear a horrible gurgling sound!
You hear a deafening roar!
You hear a shout! x3
As you read the scroll of teleportation, it crumbles to dust.
You feel strangely unstable.
You feel sick. You block the vault guard's attack.
You block the vault warden's attack. You block the ancient lich's attack.
A deep elf high priest comes into view.
It is wielding a scimitar of An ironbrand convoker comes into view.
It is wielding a dire flail.
The yaktaur barely misses you. You furiously retaliate!
You headbutt the yaktaur.
The tengu reaver hits you but does no damage.
The tengu reaver pecks you but does no damage.
The tengu reaver claws you but does no damage.
The vault warden hits you but does no damage.
The vault warden misses you.
The shadow dragon completely misses you.
You furiously retaliate!
You headbutt the shadow dragon. You block the shadow dragon's attack.
The shadow dragon claws you.
You die...

##..#....#e...
....#....#$...
..........$.
####.....?..####
.......pWpp.....
.....*ppQp*.....
....epQpLC......
...pLpp@CpHW....
#.#.WpDpcp(.####
....WWcc{Dc....#
p...cTpGWC#.....
.(pp.#....#.....
..........# ....
#....#....# ...
.#W..#....# ...


You could see a shadow dragon, 2 ancient liches, a frost giant, a fire giant, an
ice dragon, a sphinx, 5 vault wardens, 2 tengu reavers, a death knight, a
yaktaur captain, 8 vault guards, an ettin, a flayed ghost, a glowing orange
brain, a deep troll, 4 vault sentinels, a deep elf archer, a deep elf high
priest, 2 phantasmal warriors, an ironbrand convoker, 4 yaktaurs, a freezing
wraith, 3 wraiths, a scimitar of slicing and 2 battlespheres.

Vanquished Creatures
  Mennas (Vaults:3)
  An ancient lich (Vaults:5)
  Vashnia (Snake:3)
  Jory (Vaults:3)
  A bone dragon (Swamp:4)
  A tentacled monstrosity (Depths:1)
  Frances (Snake:1)
  3 thorn hunters
  A storm dragon (Vaults:5)
  11 nagarajas
  6 fire giants
  3 frost giants
  An orc warlord (Vaults:4)
  2 deep elf sorcerers (Vaults:4)
  Louise (D:14)
  7 vault wardens
  8 stone giants
  12 ironheart preservers
  2 war gargoyles
  An entropy weaver (Vaults:3)
  The ghost of Jinaet the Warrior, a journeyman MfGl of the Shining One (Lair:2)
  A minotaur (Lab)
  Azrael (Snake:1)
  A deep elf annihilator (Vaults:3)
  2 spark wasps (Depths:1)
  3 ettins
  2 crystal guardians (Vaults:3)
  5 fire dragons
  7 yaktaur captains
  Erolcha (Orc:2)
  A great orb of eyes (Vaults:2)
  Josephine (D:10)
  A rakshasa (Vaults:2)
  26 vault guards
  24 naga warriors
  16 hydras
  3 ghost crabs
  2 ice dragons
  2 catoblepae
  2 death knights
  3 merfolk avatars (Swamp:3)
  14 centaur warriors
  The ghost of riellis the Basher, a journeyman GrFi of Wu Jian (Lair:1)
  14 ogre magi
  6 anacondas
  2 deep troll earth magi (Depths:1)
  41 two-headed ogres
  4 deep troll shamans
  6 alligators
  2 orc high priests (Vaults:4)
  2 death yaks (IceCv)
  5 shock serpents
  23 naga sharpshooters
  A hell knight (Depths:1)
  3 salamander mystics
  3 deep elf knights (Vaults:2)
  2 spriggan druids
  5 skeletal warriors
  18 deep trolls
  4 shambling mangroves
  A flayed ghost (Vaults:3)
  4 unseen horrors
  A swamp dragon (Swamp:1)
  A death drake (Swamp:4)
  8 naga ritualists
  2 spectral hydras (Swamp:4)
  2 deep elf archers
  A necromancer (Vaults:4)
  12 ironbrand convokers
  39 ugly things
  17 orc knights
  9 salamanders
  An oklob plant (Lair:3)
  6 mana vipers
  An orb spider (shapeshifter) (Vaults:4)
  3 orc sorcerers
  A faun (shapeshifter) (Vaults:2)
  7 cyclopes
  8 deep elf magi
  3 manticores
  4 wolf spiders
  2 salamanders (shapeshifter)
  14 elephants
  24 black mambas
  An ice statue (IceCv)
  5 centaur zombies
  Joseph (D:8)
  12 vault sentinels
  A spiny frog (shapeshifter) (Vaults:4)
  6 guardian serpents
  16 naga magi
  Psyche (D:8)
  4 swamp worm zombies (Swamp:4)
  2 gargoyles
  14 spiny frogs
  34 yaktaurs
  A kobold demonologist (D:12)
  6 rime drakes
  8 komodo dragons
  5 freezing wraiths
  2 human skeletons (Vaults:4)
  A minotaur skeleton (Lab)
  4 hydra zombies (Swamp:4)
  2 meliai (shapeshifter)
  13 polar bears
  9 trolls
  10 tyrant leeches
  A wolf spider simulacrum (Lair:3)
  26 hornets
  24 blink frogs
  8 dream sheep
  11 bog bodies
  A blink frog (shapeshifter) (Vaults:1)
  30 slime creatures
  7 hippogriffs
  A stone giant simulacrum (Vaults:3)
  5 shadows
  3 alligator zombies (Swamp:4)
  24 spriggans
  2 dire elephant simulacra (Lair:3)
  A vampire (D:15)
  6 redbacks
  2 water elementals
  A centaur simulacrum (D:14)
  7 basilisks
  2 fire elementals (Snake:1)
  2 wyverns
  33 yaks
  6 wraiths
  4 hogs (D:7)
  A human (D:7)
  7 hungry ghosts
  31 vampire mosquitoes
  3 human simulacra
  8 insubstantial wisps
  3 wargs (Vaults:2)
  21 swamp worms
  Menkaure (D:6)
  63 nagas
  A naga (shapeshifter) (Vaults:2)
  3 hell hounds (Snake:1)
  4 acid dragons
  11 water moccasins
  9 porcupines
  A soldier ant (D:14)
  A floating eye (shapeshifter) (Depths:1)
  10 swamp drakes
  4 ice beasts
  42 orc warriors
  4 sky beasts
  4 black bears
  55 ogres
  7 phantoms
  A necrophage (D:13)
  7 boggarts
  40 wolves
  13 centaurs
  An elf skeleton (Vaults:4)
  13 crocodiles
  2 big kobolds
  A human zombie (Vaults:4)
  11 bullfrogs
  A glowing shapeshifter simulacrum (Vaults:1)
  A deep troll simulacrum (Vaults:2)
  A spiny frog simulacrum (Lair:3)
  An earth elemental (Lab)
  4 scorpions
  A water moccasin skeleton (D:7)
  3 killer bees (D:7)
  3 spriggan skeletons (Lab)
  7 howler monkeys
  14 wights
  5 electric eels
  6 crimson imps
  6 hounds
  A gnoll shaman (D:3)
  24 orc priests
  4 centaur skeletons
  4 jellies
  19 orc wizards
  Jessica (D:2)
  3 iguanas
  A bullfrog skeleton (D:8)
  A spectral swamp drake (Swamp:4)
  6 hell rats (Lair:6)
  9 worker ants
  A killer bee zombie (D:8)
  2 bullfrog simulacra (Lair:3)
  An ogre skeleton (Lab)
  A hound zombie (D:8)
  3 hound skeletons
  A mummy (D:7)
  A howler monkey zombie (D:5)
  2 worker ant zombies
  10 adders
  7 gnolls
  7 shadow imps
  An ooze (D:3)
  2 adder zombies (D:9)
  A worm (D:3)
  2 dart slugs (D:1)
  5 leopard geckos
  99 orcs
  4 giant cockroaches
  12 hobgoblins
  19 jackals
  3 quokkas
  10 bats
  6 frilled lizards
  A giant cockroach zombie (D:5)
  3 goblins
  A jackal skeleton (D:7)
  9 kobolds
  2 quokka skeletons
  2 quokka zombies
  10 rats
  A fungus (Lair:3)
  7 plants
1607 creatures vanquished.

Vanquished Creatures (collateral kills)
  A deep elf sorcerer (Vaults:4)
  2 orc warlords
  2 ironheart preservers
  2 deep elf demonologists (Vaults:4)
  3 fire dragons
  2 great orbs of eyes (Depths:1)
  A vault guard (D:14)
  2 yaktaur captains
  A naga warrior (Snake:3)
  5 ogre magi
  12 two-headed ogres
  A deep troll shaman (Depths:1)
  2 orc high priests (Vaults:4)
  A naga sharpshooter (Snake:1)
  A deep elf knight (Vaults:3)
  2 deep trolls (Vaults:4)
  2 spectral hydras (Swamp:4)
  A phantasmal warrior (Swamp:4)
  A deep elf archer (Vaults:4)
  A mana viper (Snake:1)
  A cyclops (Vaults:1)
  A vault sentinel (Vaults:4)
  A black mamba (Snake:1)
  3 yaktaurs
  A polar bear (IceCv)
  2 slime creatures (Depths:1)
  A yak (IceCv)
  2 fire elementals (Snake:1)
  2 insubstantial wisps (Swamp:4)
  6 nagas
  A hell hound (Snake:1)
  3 swamp dragon zombies (Swamp:4)
  9 orc warriors
  A phantom (Swamp:4)
  14 ogres
  2 boggarts (D:15)
  3 orc priests
  An orc wizard (Vaults:4)
  3 spectral swamp drakes (Swamp:4)
  A shadow imp (D:14)
  2 orcs
105 creatures vanquished.

Vanquished Creatures (others)
  A very ugly thing (Swamp:3)
  A stone giant (Vaults:4)
  2 yaktaur captains
  4 naga sharpshooters
  A glowing orange brain (Depths:1)
  2 cyclopes
  8 yaktaurs
  A tyrant leech (Swamp:3)
  2 polar bears (IceCv)
  2 blink frogs (Swamp:4)
  A yak (IceCv)
  2 insubstantial wisps (Swamp:4)
  An orc warrior (Vaults:4)
  2 ogres (Vaults:4)
  3 boggarts
  2 centaurs (D:15)
  6 wolves (IceCv)
  2 orc priests (Vaults:4)
  An orc wizard (Vaults:2)
  4 orcs
  2 fungi
  10 plants
60 creatures vanquished.

Grand Total: 1772 creatures vanquished

Notes
Turn   | Place    | Note
-------+----------+-------------------------------------------
     0 | D:1      | krixvar the Minotaur Fighter began the quest for the Orb.
     0 | D:1      | Reached XP level 1. HP: 19/19 MP: 0/0
    96 | D:1      | Reached XP level 2. HP: 23/26 MP: 1/1
   399 | D:2      | Reached XP level 3. HP: 27/31 MP: 2/2
   411 | D:2      | Reached skill level 5 in Maces & Flails
   450 | D:2      | Reached XP level 4. HP: 30/39 MP: 3/3
   509 | D:2      | Noticed Jessica
   519 | D:2      | Killed Jessica
   649 | D:2      | Reached XP level 5. HP: 42/45 MP: 4/4
  1007 | D:2      | Noticed a centaur
  1019 | D:2      | Killed a centaur
  1610 | D:3      | Reached skill level 4 in Fighting
  1610 | D:3      | Reached XP level 6. HP: 50/52 MP: 5/5
  1803 | D:3      | Found an opulent altar of Gozag.
  2108 | D:4      | Reached skill level 5 in Fighting
  2108 | D:4      | Reached skill level 5 in Armour
  2164 | D:4      | Reached XP level 7. HP: 54/61 MP: 6/6
  2588 | D:4      | Found an ornate altar of the Wu Jian Council.
  2590 | D:4      | Found a hide-covered altar of Uskayaw.
  2635 | D:5      | Entered Level 5 of the Dungeon
  2761 | D:5      | Found an iron altar of Okawaru.
  2947 | D:5      | Reached skill level 6 in Fighting
  3459 | D:6      | Reached skill level 7 in Fighting
  3475 | D:6      | Reached XP level 8. HP: 45/73 MP: 7/7
  3780 | D:6      | Reached skill level 8 in Fighting
  3988 | D:6      | Noticed Menkaure
  3994 | D:6      | Killed Menkaure
  3994 | D:6      | Reached skill level 9 in Fighting
  4265 | D:6      | Found a burning altar of Makhleb.
  4340 | D:7      | Found a glowing silver altar of Zin.
  4383 | D:7      | Reached skill level 5 in Shields
  4453 | D:7      | HP: 3/79 [poisoned by an orc wizard]
  4459 | D:7      | HP: 2/79 [poisoned by an orc wizard]
  4467 | D:7      | HP: 2/79 [poisoned by an orc wizard]
  4504 | D:7      | Reached skill level 10 in Fighting
  4693 | D:7      | HP: 2/79 [orc warrior/glaive (11)]
  4696 | D:7      | Reached XP level 9. HP: 2/85 MP: 0/8
  4896 | D:7      | Noticed a deep elf mage
  4907 | D:7      | Killed a deep elf mage
  4954 | D:7      | Found an ancient bone altar of Kikubaaqudgha.
  4957 | D:7      | Found a basalt altar of Yredelemnul.
  4960 | D:7      | Found a glowing golden altar of the Shining One.
  4972 | D:7      | Found a staircase to the Ecumenical Temple.
  4988 | Temple   | Entered the Ecumenical Temple
  5005 | Temple   | Became a worshipper of Trog the Wrathful
  5066 | D:7      | Reached skill level 11 in Fighting
  5334 | D:7      | Found Opsuo's Jewellery Emporium.
  5343 | D:7      | Bought a +4 amulet of reflection for 351 gold pieces
  5501 | D:7      | Reached skill level 12 in Fighting
  5510 | D:7      | Reached skill level 1 in Throwing
  5912 | D:8      | Noticed Joseph
  5922 | D:8      | Killed Joseph
  5922 | D:8      | Reached skill level 1 in Evocations
  5926 | D:8      | Reached XP level 10. HP: 74/97 MP: 9/9
  5950 | D:8      | Reached * piety under Trog
  6167 | D:8      | Noticed Psyche
  6167 | D:8      | Noticed a two-headed ogre
  6176 | D:8      | Killed Psyche
  6180 | D:8      | Killed a two-headed ogre
  6272 | D:8      | Noticed a two-headed ogre
  6273 | D:8      | Found the +3 pair of gauntlets of War {Slay+5}
  6279 | D:8      | Killed a two-headed ogre
  6287 | D:8      | Reached skill level 5 in Throwing
  6812 | D:9      | Reached ** piety under Trog
  6812 | D:9      | Reached skill level 10 in Maces & Flails
  7055 | D:10     | Entered Level 10 of the Dungeon
  7250 | D:10     | Found Coanompeno's Assorted Antiques.
  7257 | D:10     | Bought a fuming inky potion for 27 gold pieces
  7331 | D:10     | Reached XP level 11. HP: 104/104 MP: 13/13
  7499 | D:10     | Noticed Josephine
  7506 | D:10     | Killed Josephine
  7525 | D:10     | Reached skill level 5 in Evocations
  7867 | D:11     | Reached XP level 12. HP: 98/112 MP: 13/16
  8011 | D:11     | Identified a scroll of acquirement
  8267 | D:11     | Found a staircase to the Lair.
  8280 | D:11     | Reached *** piety under Trog
  8476 | D:11     | Found Arhel's Antique Armour Emporium.
  8484 | D:11     | Bought a twisted chain mail for 266 gold pieces
  8494 | D:11     | Identified the +4 chain mail of the Dropbear {rElec Slay+3}
                  | (You bought it in a shop on level 11 of the Dungeon)
  8918 | D:12     | Got a bloodstained morningstar
  8919 | D:12     | Identified the +7 morningstar "Baluzog" {drain, Fragile
                  | rPois Str+2 Dex+8} (You found it on level 12 of the
                  | Dungeon)
  9105 | D:12     | Got a faintly humming scale mail
  9116 | D:12     | Identified the +3 scale mail of Henotheism {Str+3 Int+2
                  | SInv} (You found it on level 12 of the Dungeon)
  9219 | D:12     | Found a stormy altar of Qazlal.
  9339 | D:12     | Found a staircase to the Orcish Mines.
 10004 | Lair:1   | Entered Level 1 of the Lair of Beasts
 10039 | Lair:1   | Reached **** piety under Trog
 10061 | Lair:1   | Reached skill level 15 in Maces & Flails
 10396 | Lair:1   | Reached XP level 13. HP: 118/118 MP: 18/18
 10469 | Lair:1   | Found a transporter.
 10481 | Lair:1   | Noticed riellis's ghost (journeyman GrFi)
 10514 | Lair:1   | Found a transporter.
 10537 | Lair:1   | Killed riellis's ghost
 11137 | Lair:2   | Received a gift from Trog
 11759 | Lair:2   | Found a runed door.
 11762 | Lair:2   | Noticed Jinaet's ghost (journeyman MfGl)
 11941 | Lair:2   | Killed Jinaet's ghost
 11950 | Lair:2   | Got an encrusted trident {pierce}
 11977 | Lair:2   | Identified the +8 trident of Reahunun {pierce, Dex+2} (You
                  | took it off a spriggan on level 2 of the Lair of Beasts)
 12321 | Lair:3   | Reached ***** piety under Trog
 12540 | Lair:3   | Found a transporter.
 12546 | Lair:3   | Got a translucent hat
 12552 | Lair:3   | Identified the +0 hat "Uhuytul" {+Blink rN+++ Regen+ rCorr
                  | Dex-2} (You acquired it on level 3 of the Lair of Beasts)
 12615 | Lair:3   | Found a transporter.
 12678 | Lair:3   | Identified a +2 pair of boots of running (You found it on
                  | level 3 of the Lair of Beasts)
 12782 | Lair:3   | Reached skill level 10 in Throwing
 12797 | Lair:3   | Found a staircase to the Swamp.
 12849 | Lair:3   | Received a gift from Trog
 13052 | Lair:4   | Found a labyrinth entrance.
 13068 | Lab      | Entered a labyrinth
 13209 | Lab      | Reached skill level 10 in Evocations
 13251 | Lab      | Reached XP level 14. HP: 127/127 MP: 20/20
 13465 | Lab      | Found the +2 ratskin cloak {+Rats rPois rN+ Str-1 Int-1
                  | Dex+1}
 13882 | Lab      | Identified the +2 cloak "Byisom" {rC+ Str+3} (You found it
                  | in a labyrinth)
 14662 | Lab      | Reached skill level 13 in Fighting
 15009 | Lair:4   | Found a staircase to the Snake Pit.
 15963 | Lair:6   | Entered Level 6 of the Lair of Beasts
 16002 | Lair:5   | Received a gift from Trog
 16467 | Lair:6   | Reached skill level 10 in Shields
 16469 | Lair:6   | Reached skill level 10 in Armour
 16521 | Lair:6   | Found a viscous altar of Jiyva.
 16521 | Lair:6   | Found a staircase to the Slime Pits.
 16556 | Lair:6   | Identified the +12 hunting sling "Aliteck" {venom, Fragile
                  | Str+6} (You found it on level 6 of the Lair of Beasts)
 16625 | Lair:6   | Found a frozen archway.
 16665 | IceCv    | Entered an ice cave
 16683 | IceCv    | Reached skill level 14 in Fighting
 16695 | IceCv    | Received a gift from Trog
 17199 | IceCv    | Noticed a frost giant
 17211 | IceCv    | Killed a frost giant
 17236 | IceCv    | Found the +10 zealot's sword {holy, *Rage rN+ EV+3}
 17560 | Lair:6   | Received a gift from Trog
 18336 | Orc:1    | Entered Level 1 of the Orcish Mines
 18363 | Orc:1    | Noticed an orc warlord
 18376 | Orc:1    | Killed an orc warlord
 18722 | Orc:2    | Entered Level 2 of the Orcish Mines
 18808 | Orc:2    | Found a staircase to the Elven Halls.
 18815 | Orc:2    | Reached XP level 15. HP: 139/139 MP: 21/21
 18941 | Orc:2    | Noticed Erolcha
 18946 | Orc:2    | Killed Erolcha
 19316 | Orc:2    | Reached skill level 15 in Fighting
 19336 | Orc:2    | Received a gift from Trog
 19378 | Orc:2    | Found Doorymn's General Store.
 19378 | Orc:2    | Found Tuwkapn's Book Boutique.
 19379 | Orc:2    | Found Xatyrhod's Food Boutique.
 19379 | Orc:2    | Found Hetzuly's Food Shoppe.
 19730 | D:13     | Received a gift from Trog
 19736 | D:13     | Got an ancient broad axe {god gift}
 19743 | D:13     | Identified the +6 broad axe of Crusades {elec, +Inv rF- rN+
                  | MR+} (Trog gifted it to you on level 13 of the Dungeon)
 19912 | D:13     | Got a smoking jade ring
 19960 | D:13     | Found Muashaxe's Magic Scroll Shop.
 19974 | D:13     | Identified the ring of Roqapec {rN+ Dex+3} (You found it on
                  | level 13 of the Dungeon)
 20531 | Swamp:1  | Entered Level 1 of the Swamp
 20635 | Swamp:1  | You fall through a shaft!
 20728 | Swamp:2  | Noticed a thorn hunter
 20740 | Swamp:2  | Killed a thorn hunter
 20824 | Swamp:2  | Reached skill level 16 in Fighting
 21049 | Swamp:1  | Received a gift from Trog
 21383 | Swamp:1  | Received a gift from Trog
 21784 | Swamp:2  | Noticed a thorn hunter
 21790 | Swamp:2  | Reached XP level 16. HP: 151/151 MP: 22/22
 21798 | Swamp:2  | Killed a thorn hunter
 22532 | Swamp:3  | Paralysed by a hornet for 1 turns
 22615 | Swamp:3  | Identified the cursed +0 chain mail of the Nine Wishes
                  | {rPois Str+2} (You found it on level 3 of the Swamp)
 22856 | Swamp:3  | Received a gift from Trog
 23673 | Swamp:3  | Identified the +1 great sword "Sybaqu" {venom, Dex+4} (You
                  | found it on level 3 of the Swamp)
 23900 | Swamp:4  | Entered Level 4 of the Swamp
 23934 | Swamp:4  | Reached skill level 17 in Fighting
 24260 | Swamp:4  | Received a gift from Trog
 24283 | Swamp:4  | Noticed a bone dragon
 24297 | Swamp:4  | Killed a bone dragon
 24297 | Swamp:4  | Reached skill level 15 in Armour
 24297 | Swamp:4  | Reached skill level 15 in Shields
 24447 | Swamp:4  | Got a decaying rune of Zot
 24602 | Swamp:4  | Reached ****** piety under Trog
 25231 | Swamp:3  | Noticed a thorn hunter
 25242 | Swamp:3  | Killed a thorn hunter
 25242 | Swamp:3  | Received a gift from Trog
 25521 | D:13     | Reached skill level 18 in Fighting
 25936 | D:14     | Reached XP level 17. HP: 139/166 MP: 23/23
 25947 | D:14     | Found a gate to the Vaults.
 26005 | Vaults:1 | Entered Level 1 of the Vaults
 26289 | D:14     | Reached skill level 19 in Fighting
 26296 | D:14     | Noticed Louise
 26297 | D:14     | Cast into level 2 of the Abyss (Louise)
 26310 | D:14     | Escaped the Abyss
 26318 | D:14     | Killed Louise
 26470 | D:14     | Received a gift from Trog
 26897 | D:15     | Entered Level 15 of the Dungeon
 27455 | D:15     | Found a sparkling altar of Nemelex Xobeh.
 27782 | D:15     | Found a staircase to the Depths.
 27805 | Depths:1 | Entered Level 1 of the Depths
 27818 | Depths:1 | Received a gift from Trog
 27958 | Depths:1 | Reached skill level 20 in Fighting
 27964 | Depths:1 | Received a gift from Trog
 27969 | Depths:1 | Got a blackened demon whip {god gift}
 27987 | Depths:1 | Noticed a tentacled monstrosity
 28031 | Depths:1 | Killed a tentacled monstrosity
 28071 | Depths:1 | Paralysed by a great orb of eyes for 5 turns
 28135 | Depths:1 | Reached XP level 18. HP: 18/178 MP: 24/24
 29032 | Snake:1  | Entered Level 1 of the Snake Pit
 29054 | Snake:1  | Reached skill level 1 in Dodging
 29270 | Snake:1  | Noticed Azrael
 29278 | Snake:1  | Killed Azrael
 29347 | Snake:1  | Received a gift from Trog
 29458 | Snake:1  | Noticed Frances
 29468 | Snake:1  | Killed Frances
 29528 | Snake:1  | Found Ulaek's General Store.
 29663 | Snake:1  | Gained mutation: You tend to lose your temper in combat.
                  | [potion of mutation]
 29663 | Snake:1  | Gained mutation: You are agile. (Dex +2) [potion of
                  | mutation]
 30619 | Snake:3  | Received a gift from Trog
 30634 | Snake:3  | Identified the +4 demon whip "Dobocw" {drain, rPois Str+5
                  | Stlth-} (Trog gifted it to you on level 1 of the Depths)
 31250 | Snake:3  | Noticed Vashnia
 31269 | Snake:3  | Killed Vashnia
 31269 | Snake:3  | Reached skill level 5 in Dodging
 31900 | Snake:4  | Entered Level 4 of the Snake Pit
 32312 | Snake:4  | Received a gift from Trog
 32327 | Snake:4  | Reached XP level 19. HP: 185/187 MP: 25/25
 32802 | Snake:4  | Received a gift from Trog
 32805 | Snake:4  | Got an ichor-stained morningstar {god gift}
 33464 | Snake:4  | Reached skill level 21 in Fighting
 33491 | Snake:4  | Got a serpentine rune of Zot
 33855 | D:7      | Bought an uncursed ring of protection from magic for 325
                  | gold pieces
 33855 | D:7      | Bought an uncursed ring of protection from magic for 325
                  | gold pieces
 34019 | D:10     | Bought a scroll of identify for 62 gold pieces
 34019 | D:10     | Bought a scroll of identify for 62 gold pieces
 34054 | D:11     | Identified the +6 morningstar "Menac" {flame, -Tele rPois
                  | Int+2} (Trog gifted it to you on level 4 of the Snake Pit)
 34434 | Vaults:1 | Received a gift from Trog
 35830 | Vaults:2 | Found a staircase to the Crypt.
 35830 | Vaults:2 | Found an ancient bone altar of Kikubaaqudgha.
 35831 | Vaults:2 | Found a basalt altar of Yredelemnul.
 35833 | Vaults:2 | Received a gift from Trog
 36028 | Vaults:2 | Reached XP level 20. HP: 198/198 MP: 26/26
 36132 | Vaults:2 | Received a gift from Trog
 36347 | Vaults:2 | Received a gift from Trog
 37145 | Vaults:3 | Received a gift from Trog
 37883 | Vaults:3 | Reached skill level 10 in Dodging
 38051 | Vaults:3 | Noticed Jory
 38083 | Vaults:3 | Killed Jory
 38323 | Vaults:3 | Received a gift from Trog
 38366 | Vaults:3 | Noticed Mennas
 38391 | Vaults:3 | Killed Mennas
 39107 | Vaults:4 | Reached skill level 22 in Fighting
 39121 | Vaults:4 | Reached XP level 21. HP: 176/207 MP: 27/27
 39318 | Vaults:4 | Received a gift from Trog
 39332 | Vaults:4 | Received a gift from Trog
 39400 | Vaults:4 | Got a dazzling demon whip {god gift}
 39408 | Vaults:4 | Identified the +13 demon whip "Jiuniad" {flame, Int+4}
                  | (Trog gifted it to you on level 4 of the Vaults)
 40617 | Vaults:4 | Received a gift from Trog
 41017 | Vaults:5 | Entered Level 5 of the Vaults
 41026 | Vaults:5 | Noticed an ancient lich
 41028 | Vaults:5 | Noticed an ancient lich
 41050 | Vaults:5 | Killed an ancient lich
 41073 | Vaults:5 | Noticed an ancient lich
 41078 | Vaults:5 | HP: 3/209 [ancient lich (13)]
 41079 | Vaults:5 | Slain by a shadow dragon

Skill      XL: |  1  2  3  4  5  6  7  8  9 10 11 12 13 14 15 16 17 18 19 20 21 |
---------------+----------------------------------------------------------------+-----
Maces & Flails | 3 4 5 6 7 8 10 13 15 16 | 16.0
Fighting       | 4 5 7 10 12 14 16 18 20 21 22 | 22.5
Armour         | 4 5 7 8 11 13 15 16 17 18 | 18.8
Shields        | 5 7 8 11 13 15 17 18 19 20 21 | 21.0
Throwing       | 3 5 6 8 10 11 12 13 14 | 14.2
Evocations     | 1 4 7 8 10 | 10.0
Dodging        | 5 8 10 11 | 11.9

Action                   |  1- 3 |  4- 6 |  7- 9 | 10-12 | 13-15 | 16-18 | 19-21 || total
-------------------------+-------+-------+-------+-------+-------+-------+-------++-------
Melee: Flail             |    62 |    91 |       |       |       |       |       ||   153
       Headbutt          |     6 |    28 |    66 |    84 |   271 |   419 |   448 ||  1322
       Mace              |       |    78 |   276 |   200 |       |       |       ||   554
       Morningstar       |       |       |       |   108 |   971 |  1287 |  1228 ||  3594
       Eveningstar       |       |       |       |    37 |       |       |       ||    37
Throw: Stone             |       |       |       |    14 |       |       |       ||    14
       Javelin           |       |       |       |       |     2 |    36 |     2 ||    40
Invok: Berserk           |       |       |       |       |     6 |     4 |     1 ||    11
       Trog's Hand       |       |       |       |       |     5 |     7 |     7 ||    19
       Brothers in Arms  |       |       |       |       |     4 |    13 |    16 ||    33
Evoke: Wand              |       |       |       |       |     1 |       |       ||     1
  Use: Scroll            |     7 |     2 |     4 |    10 |    15 |    13 |     5 ||    56
       Potion            |     2 |     3 |     4 |     6 |     4 |     5 |     8 ||    32
 Stab: Invisible         |       |       |       |       |     1 |       |       ||     1
       Confused          |       |       |       |       |     1 |       |       ||     1
       Distracted        |       |       |       |       |       |     2 |     2 ||     4
       Petrified         |       |       |       |       |       |     1 |       ||     1
  Eat: Chunk             |       |     4 |    10 |    14 |    32 |    22 |    27 ||   109
       Ration            |       |       |     1 |     1 |     3 |     7 |     3 ||    15
Armor: Scale mail        |    35 |    72 |   111 |    41 |       |       |       ||   259
       Chain mail        |       |       |       |    97 |   339 |   531 |   276 ||  1243
       Troll leather arm |       |       |       |     2 |       |       |       ||     2
Dodge: Dodged            |    25 |    46 |    61 |    58 |   167 |   234 |   397 ||   988
Block: Shield            |    37 |   110 |   183 |   240 |   862 |   610 |       ||  2042
       Reflection        |       |       |     1 |     2 |    24 |   168 |   146 ||   341
       Large shield      |       |       |       |       |       |   896 |  1448 ||  2344
